 Dungeon Crawl Stone Soup version 0.32-a0-986-ga09f62fbf4 (webtiles) character file.

Game seed: 2017753183014850875

976 LadyBoffin the Slasher (level 8, -1/61 HPs)
             Began as a Coglin Gladiator on Apr 22, 2024.
             Was an Initiate of Makhleb.
             Slain by a gnoll sergeant
             ... wielding a +1 heavy spear
              (7 damage)
             ... on level 5 of the Dungeon.
             The game lasted 00:12:41 (4439 turns).

LadyBoffin the Slasher (Coglin Gladiator)           Turns: 4439, Time: 00:12:41

Health: -1/61      AC:  7    Str: 17    XL:     8   Next: 16%
Magic:  8/8        EV: 13    Int:  7    God:    Makhleb [......]
Gold:   254        SH:  0    Dex: 18    Spells: 7/7 levels left

rFire   . . .        h - +0 hand axe (flame) {Servius}
rCold   . . .        m - +1 short sword (venom) {Kannika}
rNeg    . . .        w - +2 leather armour of the Monkey's Uncle {Dex+2}
rPois   .            c - +0 helmet
rElec   .            (no cloak)
rCorr   .            o - +0 pair of gloves
SInv    .            (no boots)
Will    .....        (amulet unavailable)
Stlth   +            (ring unavailable)
HPRegen 0.30/turn    (ring unavailable)
MPRegen 0.11/turn    (no gizmo)

%: no passive effects
@: revved
A: off-hand wielding, slow wielding, warmup strikes, no jewellery
a: Invent Gizmo, Renounce Religion


You were on level 5 of the Dungeon.
You worshipped Makhleb.
Makhleb was noncommittal.
You visited 2 branches of the dungeon, and saw 6 of its levels.

You collected 254 gold pieces.

Inventory:

Hand Weapons
 a - a +0 long sword {Kanchana}
 f - a +0 dagger {Fredrik}
 h - a +0 hand axe of flaming (weapon) {Servius}
 m - a +1 short sword of venom (offhand) {Kannika}
Missiles
 d - 5 throwing nets (quivered)
 e - a javelin
Armour
 b - a +0 leather armour
 c - a +0 helmet (worn)
 o - a +0 pair of gloves (worn)
 w - the +2 leather armour of the Monkey's Uncle (worn) {Dex+2}
   (You found it on level 3 of the Dungeon)

   Dex+2:     It affects your dexterity (+2).
Scrolls
 i - a scroll of noise
 j - a scroll of vulnerability
Potions
 g - a potion of enlightenment
 l - a potion of curing
 n - a potion of cancellation {unknown}
 r - a potion of magic {unknown}
 u - a potion of resistance
 v - a potion of brilliance {unknown}


   Skills:
 + Level 4.9 Fighting
 + Level 1.5(3.2) Short Blades
 - Level 5.0(5.1) Long Blades
 + Level 4.4 Throwing
 + Level 4.9 Dodging


You had 7 spell levels left.
You didn't know any spells.
Your spell library was empty.

Dungeon Overview and Level Annotations

Branches:
Dungeon (5/15)             Temple (1/1) D:5

Altars:
Ashenzari
Cheibriados
Dithmenos
Elyvilon
Fedhas
Gozag
Hepliaklqana
Kikubaaqudgha
Makhleb
Nemelex Xobeh
Okawaru
Qazlal
Ru
Sif Muna
Trog
Vehumet
Wu Jian
Zin
The Shining One

Shops:
D:2 :*   D:3 !


Innate Abilities, Weirdness & Mutations

You can wield a second weapon in your off-hand.
It takes a long time for you to wield or remove held weapons.
Your first few attacks do less damage.
You cannot equip rings or amulets.


Message History

You burn the hound. Menkaure misses you. The hound closely misses you.
The gnoll sergeant hits you from afar with a +1 heavy spear.
Menkaure hits you but does no damage.
You slash Menkaure with your +0 hand axe of flaming!
You burn Menkaure.
You destroy Menkaure!
Makhleb accepts your kill.
You hit the hound but do no damage. The hound misses you.
The hound bites you but does no damage.
You have reached level 8!
You feel stronger.
You closely miss the hound with your +0 hand axe of flaming.
The hound is almost dead.
You hit the hound with your +1 short sword of venom.
You kill the hound!
Makhleb accepts your kill.
The gnoll sergeant hits you from afar with a +1 heavy spear!
The gnoll sergeant hits you with a +1 heavy spear!
* * * LOW HITPOINT WARNING * * *
You barely miss the gnoll sergeant with your +0 hand axe of flaming.
You hit the gnoll sergeant with your +1 short sword of venom.
The gnoll sergeant is poisoned.
The gnoll sergeant hits you with a +1 heavy spear.
* * * LOW HITPOINT WARNING * * *
You hit the gnoll sergeant with your +1 short sword of venom.
The gnoll sergeant looks as sick as possible!
The gnoll sergeant is moderately wounded.
You hit the gnoll sergeant but do no damage.
You completely miss the gnoll sergeant with your +0 hand axe of flaming.
The gnoll sergeant is moderately wounded.
You hit the gnoll sergeant but do no damage.
The gnoll sergeant looks as sick as possible!
The gnoll sergeant hits you with a +1 heavy spear.
* * * LOW HITPOINT WARNING * * *
You hit the gnoll sergeant with your +0 hand axe of flaming.
You burn the gnoll sergeant.
The gnoll sergeant is heavily wounded.
You closely miss the gnoll sergeant with your +1 short sword of venom.
The gnoll sergeant hits you with a +1 heavy spear!
You die...

#........#
#......### .
##.##)## .#
####..#####..#
#....).......#
#............#
#............#
#..##''###...
#)##.@..⌠# .
###.##.g...#
###...##...###
#...#.##...+
#.#...##...#
#.##...##### .
#.###...#####..
###.#
#..........
#>..#######....


You could see a gnoll sergeant (extremely poisoned).

Vanquished Creatures
  Eustachio (D:4)
  Menkaure (D:5)
  2 ogres
  A howler monkey (D:4)
  3 hounds
  3 orc priests (D:4)
  Natasha (D:4)
  5 orc wizards
  5 gnolls (D:5)
  3 adders
  A white imp (D:5)
  A dart slug (D:1)
  15 orcs
  10 endoplasms
  A giant cockroach (D:2)
  12 goblins
  11 hobgoblins
  3 jackals (D:3)
  2 kobolds
  7 quokkas
  5 ball pythons
  6 bats
  A frilled lizard (D:3)
  5 rats
105 creatures vanquished.

Notes
Turn   | Place    | Note
-------+----------+-------------------------------------------
     0 | D:1      | LadyBoffin the Coglin Gladiator began the quest for the
                  | Orb.
     0 | D:1      | Reached XP level 1. HP: 16/16 MP: 1/1
    74 | D:1      | Reached XP level 2. HP: 21/22 MP: 2/2
   729 | D:1      | Found a faded altar of an unknown god.
   944 | D:2      | Reached XP level 3. HP: 20/28 MP: 3/3
  1068 | D:2      | Identified the amulet "Budun" {Spirit Fly Int+2}
  1085 | D:2      | Found Emuff's Book Boutique.
  1437 | D:2      | Found Okleuzer's General Store.
  1451 | D:2      | Reached XP level 4. HP: 29/34 MP: 4/4
  1868 | D:3      | Identified the +1 leather armour "Emuhalux" {*Corrode
                  | ^Drain rPois Regen+ Slay+5}
  1896 | D:3      | Found Biol's Distillery.
  2139 | D:3      | Reached XP level 5. HP: 32/41 MP: 5/5
  2288 | D:3      | Identified the +2 leather armour of the Monkey's Uncle
                  | {Dex+2}
  2428 | D:4      | Noticed Eustachio
  2519 | D:4      | Noticed Natasha
  2552 | D:4      | Killed Natasha
  2689 | D:4      | Noticed an ogre
  2819 | D:4      | Reached skill level 4 in Long Blades
  2925 | D:4      | Killed an ogre
  2926 | D:4      | Reached XP level 6. HP: 32/48 MP: 6/6
  3403 | D:4      | Reached XP level 7. HP: 34/54 MP: 7/7
  3745 | D:4      | Killed Eustachio
  3871 | D:5      | Entered Level 5 of the Dungeon
  3880 | D:5      | Reached skill level 5 in Long Blades
  4009 | D:5      | Found a staircase to the Ecumenical Temple.
  4139 | Temple   | Entered the Ecumenical Temple
  4244 | Temple   | Became a worshipper of Makhleb the Destroyer
  4373 | D:5      | Reached skill level 1 in Short Blades
  4427 | D:5      | Noticed Menkaure
  4433 | D:5      | Killed Menkaure
  4434 | D:5      | Reached XP level 8. HP: 30/61 MP: 8/8
  4439 | D:5      | Slain by a gnoll sergeant

Illustrated notes

Levels and vault maps discovered:
D:1:      lightli_arrival_quake, layout_basic,
          hellmonk_ecumenical_altar_heavens_door
D:2:      layout_basic, serial_shops, shop, shop
D:3:      kennysheep_goblin_castle, layout_rooms, serial_shops, shop_fountains
D:4:      nicolae_cairo_tiling_very_big, layout_cave_pods, minivault_4,
          minmay_box_of_dots, uniq_natasha, uniq_eustachio
D:5:      layout_cave_pods, minmay_temple_entry_drinking_statues,
          serial_gnoll_camp, gnoll_camp_mini_house, gnoll_camp_mini_sergeant,
          gnoll_camp_mini_house, gnoll_camp_mini_loothouse,
          gnoll_camp_mini_shop, uniq_ijyb, uniq_menkaure
Temple:   compressed_dpeg_triangle_lava_temple

Skill      XL: |  1  2  3  4  5  6  7 |
---------------+----------------------+-----
Throwing       | 2 3 4 |  4.4
Dodging        | 3 4 |  4.9
Fighting       | 3 4 |  4.9
Long Blades    | 4 5 |  5.0
Short Blades   | 1 |  1.5

Action                     |  1- 3 |  4- 6 |  7- 9 || total
---------------------------+-------+-------+-------++-------
  Melee: Long sword        |    98 |    84 |       ||   182
         Dagger            |    88 |       |       ||    88
         Short sword       |       |    99 |    57 ||   156
         Hand axe          |       |    23 |    59 ||    82
    Use: Scroll            |     2 |     8 |     1 ||    11
         Potion            |       |     4 |       ||     4
   Stab: Sleeping          |     1 |     1 |       ||     2
 Armour: Leather armour    |    72 |    70 |    58 ||   200
         Skin              |       |    14 |       ||    14
  Dodge: Dodged            |    48 |    66 |    40 ||   154

Table legend: (Time is in decaauts)
 A = Elapsed time spent in this place.
 B = Non-inter-level travel time spent in this place.
 C = Inter-level travel time spent in this place.
 D = Time resting spent in this place.
 E = Time spent auto-exploring this place.
 F = Levels seen in this place.
 G = Mean time per level.
                   A        B        C        D        E       F      G
               +--------+--------+--------+--------+--------+-----+--------+
         Total |   4465 |   4293 |    172 |    596 |   2427 |   6 |  744.2 |
       Dungeon |   4344 |   4172 |    172 |    596 |   2427 |   5 |  868.8 |
        Temple |    120 |    120 |      0 |      0 |      0 |   1 |  120.0 |
               +--------+--------+--------+--------+--------+-----+--------+

Top non-repeatable levels by time:
     D:4: 1634 daAuts
     D:2: 901 daAuts
     D:1: 864 daAuts
     D:3: 683 daAuts
     D:5: 261 daAuts
  Temple: 120 daAuts
